 Dungeon Crawl Stone Soup version 0.15.2 (webtiles) character file.

19 magipi the Sneak (level 2, -3/23 (26) HPs)
             Began as a Ghoul Assassin on Apr 17, 2016.
             Slain by Terence
             ... wielding a +0 hand axe
              (6 damage)
             ... on Level 2 of the Dungeon.
             The game lasted 00:04:59 (722 turns).

magipi the Sneak (Ghoul Assassin)                    Turns: 722, Time: 00:05:00

HP  -3/23 (26)   AC  3     Str 14      XL: 2   Next: 75%
MP   2/2         EV 11     Int  6      God:
Gold 72          SH  0     Dex 10      Spells:  0 memorised,  1 level left

rFire  . . .     SeeInvis .     a - +2 dagger
rCold  + . .     Clarity  .     c - +0 robe
rNeg   + + +     rCorr    .     (no shield)
rPois  +         rRot     +     (no helmet)
rElec  .         Spirit   .     d - +0 cloak
SustAb .         Warding  .     (no gloves)
rMut   .         Stasis   .     (no boots)
Saprov + + +                    (no amulet)
MR     .....                    (no ring)
                                (no ring)

@: rotting, not resistant to hostile enchantments, unstealthy
A: rotting body, claws 1, carnivore 3, cold resistance 1, negative energy
resistance 3, poison resistance, saprovore 3, slow healing 1, torment
resistance, unbreathing
a: no special abilities


You were on level 2 of the Dungeon.
You were not hungry.

You visited 1 branch of the dungeon, and saw 2 of its levels.

You collected 72 gold pieces.

Inventory:

Hand weapons
 a - a +2 dagger (weapon)
 b - a +0 blowgun
Armour
 c - a +0 robe (worn)
 d - a +0 cloak (worn)
 h - a +0 scale mail
Comestibles
 i - a slice of pizza
Scrolls
 g - 2 scrolls of remove curse {unknown}
 j - a scroll of immolation {unknown}
 k - a scroll of teleportation {unknown}
 n - a scroll of noise {unknown}
Jewellery
 l - an uncursed amulet of clarity {unknown}
Potions
 m - a potion of might {unknown}


   Skills:
 + Level 3.0 Fighting
 - Level 1.7 Short Blades
 + Level 2.2 Throwing
 - Level 0.8 Dodging
 - Level 4.3 Stealth


You had one spell level left.
You didn't know any spells.

Dungeon Overview and Level Annotations

Branches:
Dungeon (2/15)

Altars:

Annotations:
D:2 Terence


Innate Abilities, Weirdness & Mutations

Your body is rotting away.
You have sharp fingernails.
You are carnivorous and can eat meat at any time.
Your flesh is cold resistant.
You are immune to negative energy.
Your system is resistant to poisons.
You thrive on rotten meat.
You heal slowly when monsters are visible.
You are immune to unholy pain and torment.
You can survive without breathing.

Vault maps used:
D:1:      minmay_arrival_stair_chambers, lexackson_kobold_supper
D:2:      nicolae_overflow_hidden_temple, uniq_terence


Message History

Terence hits you with a hand axe!
Unknown command.
You see here 22 stones.
You see here 9 gold pieces.
You see here a poisoned needle.
You see here a poisoned needle.
The hobgoblin shouts!
There is a stone staircase leading up here.
You see here a curare-tipped needle.
You see here a curare-tipped needle.
Wield which item (- for none, * to show all)? (? for menu, Esc to quit)
a - a +2 dagger (weapon)
Unknown command.
You hit the hobgoblin.
The hobgoblin is almost dead.
The hobgoblin closely misses you. Terence hits you with a hand axe.
* * * LOW HITPOINT WARNING * * *
You hit the hobgoblin but do no damage.
The hobgoblin is almost dead.
The hobgoblin closely misses you. Terence closely misses you.
Unknown command.
You closely miss the hobgoblin.
The hobgoblin is almost dead.
The hobgoblin barely misses you. Terence hits you with a hand axe.
* * * LOW HITPOINT WARNING * * *
You hit the hobgoblin.
You kill the hobgoblin!
Unknown command.
You see here a club.
Terence hits you but does no damage.
Terence screams, "I'm going to kill you!"
You see here 22 stones.
You see here 9 gold pieces.
You see here a poisoned needle.
You see here a poisoned needle.
There is a stone staircase leading up here.
You see here a curare-tipped needle.
You see here a curare-tipped needle.
You feel your flesh rotting away.
You see here a club.
You see here 22 stones.
Terence says, "How do you enjoy it?"
You see here 9 gold pieces.
You see here a poisoned needle.
You see here a poisoned needle.
There is a stone staircase leading up here.
You see here a curare-tipped needle.
You see here a curare-tipped needle.
Terence shouts, "ATTACK!!!"
You see here a club.
You see here 22 stones.
You see here 9 gold pieces.
You see here a poisoned needle.
You see here a poisoned needle.
There is a stone staircase leading up here.
You see here a curare-tipped needle.
You see here a curare-tipped needle.
You see here a club.
You see here 22 stones.
You see here 9 gold pieces.
You see here a poisoned needle.
Terence asks, "Do you want it fast or slow?"
You see here a poisoned needle.
There is a stone staircase leading up here.
You see here a curare-tipped needle.
Terence bares his teeth.
You see here a curare-tipped needle.
You see here a club.
You see here 22 stones.
You see here 9 gold pieces.
You see here a poisoned needle.
You see here a poisoned needle.
There is a stone staircase leading up here.
You see here a curare-tipped needle.
You see here a curare-tipped needle.
You see here a club.
You see here 22 stones.
You see here 9 gold pieces.
Terence hits you with a hand axe.
* * * LOW HITPOINT WARNING * * *
You see here a poisoned needle.
You see here a poisoned needle.
There is a stone staircase leading up here.
You see here a curare-tipped needle.
You see here a curare-tipped needle.
You see here a club.
You see here 22 stones.
You see here 9 gold pieces.
You see here a poisoned needle.
You see here a poisoned needle.
There is a stone staircase leading up here.
You see here a curare-tipped needle.
You see here a curare-tipped needle.
You see here a club.
You see here 22 stones.
You see here 9 gold pieces.
Terence asks, "Do you want it fast or slow?"
Terence shouts, "Get ready for death!"
Terence hits you with a hand axe.
You die...

###### #....#
#######(...#
#.....#....##
#.....(.....###
##[.....[(.......
..#..?...#....####
........@#....(..#
>.#.###.@#...(...#
#......#####(###
....####..# #<# .
##.## #(# #..# #.#
##$# #.# #.###)#
#.(...#


You could see Terence.

Table legend:
 A = Kills in this place as a percentage of kills in entire the game.
 B = Kills by you in this place as a percentage of kills by you in the entire game.
 C = Kills by friends in this place as a percentage of kills by friends in the entire game.
 D = Other kills in this place as a percentage of other kills in the entire game.
 E = Experience gained in this place as a percentage of experience gained in the entire game.
 F = Experience gained in this place divided by the number of levels of this place that you have seen.
                   A       B       C       D       E      F
               +-------+-------+-------+-------+-------+----------------------
         Total | 100.0 | 100.0 |  -nan |  -nan | 100.0 |  14.0
       Dungeon | 100.0 | 100.0 |  -nan |  -nan | 100.0 |  14.0
               +-------+-------+-------+-------+-------+----------------------

Vanquished Creatures
  A giant cockroach (D:1)
  3 goblins (D:1)
  4 hobgoblins
  2 kobolds (D:1)
  2 bats (D:1)
  3 giant newts
  3 rats (D:1)
18 creatures vanquished.

Notes
Turn   | Place    | Note
--------------------------------------------------------------
     0 | D:1      | magipi, the Ghoul Assassin, began the quest for the Orb.
     0 | D:1      | Reached XP level 1. HP: 17/17 MP: 1/1
   176 | D:1      | Reached XP level 2. HP: 22/25 MP: 2/2
   435 | D:2      | Noticed Terence
   722 | D:2      | Slain by Terence

Action                   || total
-------------------------++-------
Melee: Dagger            ||    63
 Fire: Blowgun           ||    10
 Stab: Sleeping          ||     3
  Eat: Chunk             ||     2

Action                   || total
-------------------------++-------
Melee: Dagger            ||    63
 Fire: Blowgun           ||    10
 Stab: Sleeping          ||     3
  Eat: Chunk             ||     2

Action                   || total
-------------------------++-------
Melee: Dagger            ||    63
 Fire: Blowgun           ||    10
 Stab: Sleeping          ||     3
  Eat: Chunk             ||     2
